 Dungeon Crawl Stone Soup version 0.19.3-4-gbf9329e (webtiles) character file.

15853 dngmouse the Cruncher (level 12, -2/104 HPs)
             Began as a Grey Draconian Artificer on Jan 29, 2017.
             Was a High Priest of Okawaru.
             Slain by a white very ugly thing (39 damage)
             ... on level 1 of the Abyss.
             The game lasted 00:49:26 (13802 turns).

dngmouse the Cruncher (Grey Draconian Artificer)   Turns: 13802, Time: 00:49:27

Health: -2/104     AC: 28    Str: 21    XL:     12   Next: 4%
Magic:  12/19      EV: 20    Int: 10    God:    Okawaru [*****.]
Gold:   751        SH:  0    Dex: 13    Spells: 0 memorised, 11 levels left

rFire  . . .     SeeInvis .     a - +3 quarterstaff (protect)
rCold  . . .     Gourm    .     (armour unavailable)
rNeg   . . .     Faith    .     (shield currently unavailable)
rPois  .         Spirit   .     K - +1 hat
rElec  .         Reflect  .     J - +1 cloak
rCorr  .         Harm     .     h - +0 pair of gloves
MR     .....                    W - +0 pair of boots {Stlth+}
Stlth  ++++......               N - amulet of regeneration
                                v - +3 ring of evasion
                                Q - +3 ring of protection

@: mighty, heroism, finesse, protection aura
A: walk through water, unfitting armour, antennae 1, clumsy 1, dopey 1,
unbreathing, cold-blooded, subdued magic 1, AC +13
a: Heroism, Finesse, Renounce Religion


You were on level 1 of the Abyss.
You worshipped Okawaru.
Okawaru was extremely pleased with you.
You were not hungry.

You visited 2 branches of the dungeon, and saw 13 of its levels.
You visited the Abyss 1 time.

You collected 751 gold pieces.

Inventory:

Hand Weapons
 a - a +3 quarterstaff of protection (weapon)
 M - a +0 executioner's axe
Missiles
 y - 8 javelins of returning (quivered)
Armour
 h - a +0 pair of gloves (worn)
 J - a +1 cloak (worn)
 K - a +1 hat (worn)
 W - a +0 pair of boots of stealth (worn)
Magical Staves
 V - an uncursed staff of cold
Jewellery
 l - an uncursed ring of positive energy
 m - an uncursed ring of protection from cold
 p - an uncursed amulet of magic regeneration
 v - a +3 ring of evasion (right hand)
 B - a +6 ring of strength
 C - a +4 ring of strength
 G - an uncursed amulet of rage
 N - an amulet of regeneration (around neck)
 Q - a +3 ring of protection (left hand)
Wands
 b - a wand of flame (15/48)
 c - a wand of enslavement (24/24)
 d - a wand of random effects (15/48)
 j - a wand of acid (9/15)
 F - a wand of polymorph (12/24)
 I - a wand of paralysis (5/24)
 P - a wand of disintegration (12/24)
Scrolls
 e - 8 scrolls of identify
 n - 3 scrolls of amnesia
 o - 8 scrolls of teleportation
 q - 11 scrolls of remove curse
 s - a scroll of enchant weapon
 u - a scroll of immolation {unknown}
 w - a scroll of recharging
 x - a scroll of blinking
 D - 3 scrolls of fear
 H - 2 scrolls of magic mapping
 T - a scroll of acquirement {unknown}
 U - a scroll of silence
Potions
 i - 8 potions of curing
 k - 7 potions of heal wounds
 t - 2 potions of haste
 A - a potion of flight
Books
 E - the Tome of Enhancements
   (You found it on level 5 of the Dungeon)

   Spells                             Type                      Level
   a - Shroud of Golubria             Charms/Translocation         2
   b - Regeneration                   Charms/Necromancy            3
   c - Excruciating Wounds            Charms/Necromancy            5
 L - a book of Frost

   Spells                             Type                      Level
   a - Freeze                         Ice                          1
   b - Throw Frost                    Conjuration/Ice              2
   c - Ozocubu's Armour               Charms/Ice                   3
   d - Throw Icicle                   Conjuration/Ice              4
   e - Summon Ice Beast               Ice/Summoning                4
 X - a book of Battle

   Spells                             Type                      Level
   a - Infusion                       Charms                       1
   b - Shroud of Golubria             Charms/Translocation         2
   c - Song of Slaying                Charms                       2
   d - Spectral Weapon                Hexes/Charms                 3
   e - Regeneration                   Charms/Necromancy            3
Comestibles
 f - 7 bread rations
 g - 4 meat rations
 z - 6 beef jerkies
 R - 10 fruits
 S - 6 slices of pizza


   Skills:
 - Level 9.0(14.0) Fighting
   Level 4.6(9.6) Short Blades
 * Level 12.8(17.8) Staves
 - Level 4.5(9.5) Dodging
 - Level 0.8(5.8) Stealth
 + Level 9.8 Invocations
 - Level 6.3 Evocations


You had 11 spell levels left.
You didn't know any spells.

Dungeon Overview and Level Annotations

Branches:
Dungeon (12/15)            Temple (1/1) D:6            Lair (0/6) D:10
    Orc (0/2) D:11

Altars:
Ashenzari
Cheibriados
Dithmenos
Elyvilon
Fedhas
Gozag
Hepliaklqana
Kikubaaqudgha
Makhleb
Nemelex Xobeh
Okawaru
Qazlal
Ru
Sif Muna
Trog
Uskayaw
Vehumet
Xom
Yredelemnul
Zin
The Shining One

Shops:
D:7 %   D:11 (

Annotations:
D:6 Eustachio
D:12 Sonja


Innate Abilities, Weirdness & Mutations

You can walk through water.
Your dull iron-grey scales are very hard. (AC +13)
You cannot fit into any form of body armour.
You can survive without breathing.
You are cold-blooded and may be slowed by cold attacks.
You have a pair of small antennae on your head.
You are clumsy. (Dex -2)
You are dopey. (Int -2)
Your spells are a little easier to cast, but a little less powerful.


Message History

You hit the small abomination.
The small abomination is lightly damaged.
You sock the small abomination!
The small abomination is moderately damaged.
You hit the small abomination. You tail-slap the small abomination!
The small abomination is almost destroyed.
The small abomination hits you but does no damage.
You hit the small abomination.
You destroy the small abomination!
Okawaru accepts your kill.
You hit the white very ugly thing but do no damage.
Your tail-slap misses the white very ugly thing.
You bludgeon the white very ugly thing!!
The white very ugly thing is moderately wounded.
You sock the white very ugly thing!
Your tail-slap misses the white very ugly thing.
The white very ugly thing is moderately wounded.
The white very ugly thing stings you.
The white very ugly thing freezes you!!!
You die...

# #. .# ## #.
. . #.. ##.#
### #≈≈uu## #
# . .#u###.##
##...≈{#@..#
##.#≈≈.#.#..#
.##≈≈.##.####
#.#
#.≈..###.#.#
# #≈#.. # .#
. ...#.# .###
#.♣ ≈# ##
...# #. ≈≈ .
#.# . .. # .
#. # .#


You could see 2 very ugly things and a green ugly thing.

Vanquished Creatures
  A very ugly thing (Abyss:1)
  Josephine (D:11)
  A hydra (D:8)
  An unseen horror (D:10)
  A hill giant (D:10)
  An ugly thing (D:10)
  A worldbinder (Abyss:1)
  Joseph (D:7)
  A cyclops (D:11)
  A centaur skeleton (D:10)
  3 ancient zymes (Abyss:1)
  A komodo dragon (D:10)
  2 dream sheep (D:8)
  A meliai zombie (D:10)
  A hippogriff (D:11)
  Sigmund (D:6)
  4 wraiths
  12 yaks
  A wyvern (D:10)
  A chaos spawn (Abyss:1)
  2 hungry ghosts
  Menkaure (D:6)
  A warg (D:11)
  3 black bears
  An ice beast (D:7)
  7 orc warriors
  3 sky beasts
  An eye of draining (D:11)
  2 phantoms
  3 ogres
  11 centaurs
  3 small abominations (Abyss:1)
  4 big kobolds
  5 bullfrogs
  4 scorpions
  3 killer bees (D:12)
  14 wights
  10 crimson imps
  A quasit (D:5)
  2 bullfrog zombies
  4 orc priests
  4 hounds
  2 jellies
  3 orc wizards
  2 iguanas
  Natasha (twice) (D:4)
  4 worker ants
  A hound zombie (D:8)
  A hound skeleton (D:7)
  A worker ant zombie (D:11)
  Robin (D:4)
  A howler monkey skeleton (D:6)
  14 adders
  5 shadow imps
  A white imp (D:11)
  An ufetubus (Abyss:1)
  2 oozes
  An adder skeleton (D:5)
  2 worms
  3 dart slugs
  2 leopard geckos
  29 orcs
  4 giant cockroaches
  14 goblins
  6 hobgoblins
  4 jackals
  2 quokkas
  9 bats
  2 frilled lizards
  10 kobolds
  2 rats
  A plant (D:4)
258 creatures vanquished.

Vanquished Creatures (others)
  3 plants
  2 starspawn tentacles (Abyss:1)
5 creatures vanquished.

Grand Total: 263 creatures vanquished

Notes
Turn   | Place    | Note
-------+----------+-------------------------------------------
     0 | D:1      | dngmouse the Draconian Artificer began the quest for the Orb.
     0 | D:1      | Reached XP level 1. HP: 16/16 MP: 3/3
   783 | D:1      | Reached XP level 2. HP: 22/24 MP: 4/4
  1452 | D:2      | Reached XP level 3. HP: 30/30 MP: 5/5
  1886 | D:2      | Reached XP level 4. HP: 38/38 MP: 6/6
  1896 | D:2      | Found a sacrificial altar of Ru.
  2737 | D:3      | Reached XP level 5. HP: 45/45 MP: 7/7
  3114 | D:4      | Noticed a phantom
  3312 | D:3      | Gained mutation: You are dopey. (Int -2) [potion of mutation]
  3312 | D:3      | Gained mutation: Scrolls take you a little longer to read. [potion of mutation]
  3312 | D:3      | Gained mutation: Your spells are a little easier to cast, but a little less powerful. [potion of mutation]
  3328 | D:4      | Killed a phantom
  3371 | D:4      | Noticed Robin
  3375 | D:4      | Killed Robin
  3392 | D:4      | Reached XP level 6. HP: 48/53 MP: 8/8
  3572 | D:4      | Noticed Natasha
  3583 | D:4      | Killed Natasha
  3985 | D:4      | Noticed Natasha
  4129 | D:4      | Killed Natasha
  4230 | D:5      | Entered Level 5 of the Dungeon
  4279 | D:5      | Reached skill level 5 in Fighting
  4570 | D:5      | Your scales start taking on a dull iron-grey colour.
  4570 | D:5      | Reached XP level 7. HP: 60/61 MP: 10/10
  4570 | D:5      | Gained mutation: You can survive without breathing. [Grey Draconian growth]
  4760 | D:5      | Identified the Tome of Enhancements
  5772 | D:6      | Noticed Sigmund
  5787 | D:6      | Killed Sigmund
  5787 | D:6      | Reached skill level 5 in Evocations
  5787 | D:6      | Reached XP level 8. HP: 45/73 MP: 6/11
  5835 | D:6      | Noticed Menkaure
  5843 | D:6      | Killed Menkaure
  6089 | D:6      | Noticed Eustachio
  6369 | D:6      | Found a staircase to the Ecumenical Temple.
  6460 | Temple   | Entered the Ecumenical Temple
  7121 | Temple   | Became a worshipper of Warmaster Okawaru
  7584 | D:7      | Found Elleidieggi's Food Boutique.
  7715 | D:7      | Noticed Joseph
  7742 | D:7      | Killed Joseph
  7742 | D:7      | Reached * piety under Okawaru
  7742 | D:7      | Reached XP level 9. HP: 48/83 MP: 13/13
  7889 | D:7      | Reached skill level 1 in Staves
  7975 | D:7      | Reached skill level 1 in Invocations
  7992 | D:7      | Reached skill level 2 in Staves
  8647 | D:8      | Reached ** piety under Okawaru
  8773 | D:8      | Reached skill level 3 in Staves
  8851 | D:8      | Reached skill level 4 in Staves
  8874 | D:8      | Reached skill level 5 in Staves
  9023 | D:8      | Noticed a three-headed hydra
  9034 | D:8      | Killed a three-headed hydra
  9034 | D:8      | Reached *** piety under Okawaru
  9034 | D:8      | Reached skill level 6 in Staves
  9034 | D:8      | Reached XP level 10. HP: 43/91 MP: 14/14
  9378 | D:9      | Reached skill level 5 in Invocations
  9647 | D:9      | Reached skill level 7 in Staves
  9925 | D:10     | Entered Level 10 of the Dungeon
 10026 | D:10     | Reached **** piety under Okawaru
 10801 | D:10     | Reached skill level 8 in Staves
 10894 | D:10     | Noticed a hill giant
 10908 | D:10     | Killed a hill giant
 11217 | D:10     | Found a staircase to the Lair.
 11265 | D:11     | Noticed Josephine
 11266 | D:11     | Reached skill level 9 in Staves
 11284 | D:11     | Killed Josephine
 11310 | D:10     | Reached ***** piety under Okawaru
 11427 | D:11     | Reached skill level 10 in Staves
 11441 | D:11     | Reached XP level 11. HP: 76/97 MP: 16/16
 11559 | D:11     | Found a staircase to the Orcish Mines.
 12111 | D:11     | Found Iczakhiq's Weapon Emporium.
 12414 | D:12     | Reached skill level 11 in Staves
 12575 | D:12     | Received a gift from Okawaru
 12676 | D:12     | Lost mutation: Scrolls take you a little longer to read. [mutagenic meat]
 12904 | D:12     | Gained mutation: You are clumsy. (Dex -2) [mutagenic meat]
 12906 | D:12     | Gained mutation: You have a pair of small antennae on your head. [mutagenic meat]
 12934 | D:10     | Noticed a purple ugly thing
 12964 | D:10     | Killed a purple ugly thing
 13213 | D:10     | Killed an unseen horror
 13285 | D:12     | Reached skill level 12 in Staves
 13387 | D:12     | Noticed Sonja
 13426 | D:12     | Cast into level 1 of the Abyss (Sonja)
 13679 | Abyss:1  | Noticed a green ugly thing
 13775 | Abyss:1  | Noticed a green very ugly thing
 13777 | Abyss:1  | Noticed a green very ugly thing
 13777 | Abyss:1  | Noticed a tentacled starspawn
 13779 | Abyss:1  | Noticed a green very ugly thing
 13786 | Abyss:1  | Noticed a green ugly thing
 13795 | Abyss:1  | Killed a green very ugly thing
 13795 | Abyss:1  | Reached XP level 12. HP: 41/104 MP: 11/19
 13802 | Abyss:1  | Slain by a white very ugly thing

Skill      XL: |  1  2  3  4  5  6  7  8  9 10 11 |
---------------+----------------------------------+-----
Fighting       | 2 3 4 5 7 9 |  9.0
Short Blades   | 2 3 4 |  4.6
Evocations     | 4 5 6 |  6.3
Dodging        | 3 4 |  4.5
Staves         | 6 10 12 | 12.8
Invocations    | 4 7 9 |  9.8
Stealth        | |  0.8

Action                   |  1- 3 |  4- 6 |  7- 9 | 10-12 || total
-------------------------+-------+-------+-------+-------++-------
Melee: Short sword       |   119 |   441 |    67 |       ||   627
       Tailslap          |    12 |    75 |    86 |   149 ||   322
       Falchion          |       |       |   183 |       ||   183
       Rapier            |       |       |    44 |       ||    44
       Quarterstaff      |       |       |   127 |   840 ||   967
Throw: Stone             |     1 |       |       |       ||     1
Invok: Heroism           |       |       |       |     5 ||     5
       Finesse           |       |       |       |     1 ||     1
  Use: Potion            |       |     8 |     1 |     5 ||    14
       Scroll            |       |       |    14 |     4 ||    18
 Stab: Sleeping          |     3 |     1 |     1 |     4 ||     9
       Invisible         |       |       |       |     2 ||     2
       Distracted        |       |       |       |     2 ||     2
  Eat: Chunk             |     3 |     9 |    14 |    20 ||    46
       Fruit             |       |       |     3 |     2 ||     5
       Beef jerky        |       |       |       |     1 ||     1
Armor: Skin              |    32 |    93 |   185 |   644 ||   954
Dodge: Dodged            |    82 |   285 |   330 |   823 ||  1520
Block: Buckler           |     1 |    54 |    49 |       ||   104
       Rpst.: Falchion   |       |       |    45 |       ||    45
